 Dungeon Crawl Stone Soup version 0.28.0-53-g5a82cb258f (webtiles) character file.

Game seed: 15414509829466284164

317 hawla the Stinger (level 6, 0/34 HPs)
             Began as a Deep Elf Venom Mage on Aug 2, 2022.
             Slain by an ogre
             ... wielding a +0 giant spiked club
              (15 damage)
             ... on level 4 of the Dungeon on Aug 3, 2022.
             The game lasted 00:09:43 (4179 turns).

hawla the Stinger (Deep Elf Venom Mage)             Turns: 4179, Time: 00:09:44

Health: 0/34       AC:  6    Str:  5    XL:     6   Next: 20%
Magic:  3/15       EV: 12    Int: 22    God:
Gold:   94         SH:  0    Dex: 15    Spells: 7/14 levels left

rFire   . . .      SeeInvis .   p - +0 quarterstaff
rCold   . . .      Faith    .   (shield currently unavailable)
rNeg    . . .      Spirit   .   a - +0 robe
rPois   .          Reflect  .   (no helmet)
rElec   .          Harm     .   (no cloak)
rCorr   .          Rampage  .   (no gloves)
Will    .....                   (no boots)
Stlth   ++........              (no amulet)
HPRegen 0.11/turn               o - +4 ring of slaying
MPRegen 0.14/turn               q - +4 ring of protection

@: very slightly contaminated
A: no striking features
a: no special abilities


You were on level 4 of the Dungeon.
You visited 1 branch of the dungeon, and saw 4 of its levels.

You collected 94 gold pieces.

Inventory:

Hand Weapons
 p - a +0 quarterstaff (weapon)
Missiles
 e - 6 curare-tipped darts
 j - 9 poisoned darts (quivered)
Armour
 a - a +0 robe (worn)
Jewellery
 o - a +4 ring of slaying (left hand)
 q - a +4 ring of protection (right hand)
Scrolls
 b - 2 scrolls of identify
 c - 2 scrolls of magic mapping
 d - a scroll of fear {unknown}
 i - a scroll of vulnerability {unknown}
 m - a scroll of enchant armour {unknown}
 n - a scroll of teleportation {unknown}
 r - a scroll of fog {unknown}
Potions
 f - 2 potions of magic {unknown}
 g - a potion of lignification {unknown}
 h - a potion of haste {unknown}
 k - a potion of brilliance {unknown}
 l - 3 potions of curing {unknown}


   Skills:
 - Level 1.2 Fighting
 - Level 2.5 Dodging
 - Level 2.4 Stealth
 - Level 4.9 Spellcasting
 - Level 1.6 Transmutations
 - Level 1.6 Air Magic
 * Level 6.0 Poison Magic


You had 7 spell levels left.
You knew the following spells:

 Your Spells              Type           Power      Damage    Failure   Level
a - Sting                 Tmut/Pois      88%        1d7       2%          1
b - Poisonous Vapours     Pois/Air       44%        N/A       3%          2
c - Olgreb's Toxic Radia  Pois           31%        N/A       9%          4

Your spell library contained the following spells:

 Spells                   Type           Power      Damage    Failure   Level
 Mephitic Cloud           Conj/Pois/Air  16%        N/A       11%         3
 Inner Flame              Hex/Fire       5%         N/A       30%         3
 Cause Fear               Hex            2%         N/A       71%         4
 Discord                  Hex            2%         N/A       100%        8


Dungeon Overview and Level Annotations

Branches:
Dungeon (4/15)
 Temple: D:4-7

Altars:


Message History

Your toxic aura wanes.
Casting: Olgreb's Toxic Radiance (quite dangerous; 10% risk of failure)
Confirm with . or Enter, or press ? or * to list all spells.
Aiming: Poisonous Vapours (safe; 3% risk of failure)
Press: ? - help, Dir - move target, f/p - ogre
Aim: an ogre, wielding a +0 giant spiked club (moderately wounded, poisoned) Poisonous vapours surround the ogre!
The ogre looks even sicker.
You barely miss the howler monkey.
The howler monkey is lightly wounded.
The howler monkey hoots and howls with incredible vigour!
The howler monkey barely misses you.
You hear an angry hiss.
You hear a shout! x7
You hit the howler monkey.
The howler monkey is heavily wounded.
The howler monkey closely misses you.
Your magical contamination has completely faded away.
You sock the howler monkey!
You kill the howler monkey!
Your Poison Magic skill increases to level 6!
You sock the ogre!
The ogre is heavily wounded.
The ogre hits you with a +0 giant spiked club!!
Ouch! That really hurt!
Casting: Poisonous Vapours (safe; 3% risk of failure)
Confirm with . or Enter, or press ? or * to list all spells.
Aiming: Poisonous Vapours (safe; 3% risk of failure)
Press: ? - help, Dir - move target, f/p - ogre
Aim: an ogre, wielding a +0 giant spiked club (severely wounded, poisoned) Poisonous vapours surround the ogre!
The ogre looks even sicker.
The ogre closely misses you.
Casting: Poisonous Vapours (safe; 3% risk of failure)
Confirm with . or Enter, or press ? or * to list all spells.
Aiming: Poisonous Vapours (safe; 3% risk of failure)
Press: ? - help, Dir - move target, f/p - ogre
Aim: an ogre, wielding a +0 giant spiked club (almost dead, poisoned)
You miscast Poisonous Vapours.
You are very lightly contaminated with residual magic.
Nothing appears to happen.
The ogre hits you with a +0 giant spiked club!
You die...

##. .# ... ..#
#...#.# #...#.####
## .. ..... .... #.
#..# #.# #.##.##..#
...
#........#####.#.#
......#@O........#.#
..###...#..#######.#
###.##..### #>#
.........).#####.#
####........†..#.##
#.##..#.###....####
#. #..#.###[.......
#. #..#.##.......##
.............##


You could see an ogre (poisoned).

Vanquished Creatures
  Sigmund (D:2)
  A howler monkey (D:4)
  A hound (D:3)
  3 adders
  A gnoll (D:1)
  3 worms
  A dart slug (D:3)
  An orc (D:4)
  2 endoplasms
  3 giant cockroaches
  5 goblins
  3 hobgoblins
  3 quokkas
  8 ball pythons
  5 bats
  3 frilled lizards (D:1)
  4 kobolds
  2 rats
50 creatures vanquished.

Vanquished Creatures (others)
  2 plants (D:2)
2 creatures vanquished.

Grand Total: 52 creatures vanquished

Notes
Turn   | Place    | Note
-------+----------+-------------------------------------------
     0 | D:1      | hawla the Deep Elf Venom Mage began the quest for the Orb.
     0 | D:1      | Reached XP level 1. HP: 10/10 MP: 6/6
   367 | D:1      | Found a faded altar of an unknown god.
   432 | D:1      | Reached XP level 2. HP: 15/15 MP: 5/8
   435 | D:1      | Learned a level 2 spell: Poisonous Vapours
   984 | D:1      | Reached skill level 4 in Poison Magic
  1486 | D:1      | Reached XP level 3. HP: 17/19 MP: 0/9
  2314 | D:2      | Noticed Sigmund
  2332 | D:2      | Killed Sigmund
  2333 | D:2      | Reached skill level 1 in Fighting
  2333 | D:2      | Reached skill level 1 in Air Magic
  2333 | D:2      | Reached skill level 5 in Poison Magic
  2333 | D:2      | Reached XP level 4. HP: 19/25 MP: 1/12
  2333 | D:2      | Reached XP level 5. HP: 22/29 MP: 1/14
  2338 | D:2      | Learned a level 4 spell: Olgreb's Toxic Radiance
  3576 | D:3      | Reached XP level 6. HP: 25/34 MP: 4/15
  4170 | D:4      | Reached skill level 6 in Poison Magic
  4179 | D:4      | Slain by an ogre

Illustrated notes

Levels and vault maps discovered:
D:1:      lightli_arrival_isolated_outpost, layout_loops_corners,
          shapermc_ecumenical_altar_starsandcircs
D:2:      layout_loops_corners, grunt_decor_arrowhead, minmay_door_square,
          minmay_shallow_snake_nest, uniq_sigmund
D:3:      layout_rooms, grunt_decor_resistance
D:4:      corexii_shantytown, layout_loops_ring

Skill      XL: |  1  2  3  4  5  6 |
---------------+-------------------+-----
Poison Magic   | 4 5 6 |  6.0
Fighting       | 1 |  1.2
Spellcasting   | 4 |  4.9
Air Magic      | 1 |  1.6
Dodging        | |  2.5
Stealth        | |  2.4
Transmutations | |  1.6

Action                   |  1- 3 |  4- 6 || total
-------------------------+-------+-------++-------
Melee: Unarmed           |     8 |    15 ||    23
       Quarterstaff      |       |     4 ||     4
Throw: Dart              |     1 |       ||     1
 Cast: Sting             |    41 |     9 ||    50
       Poisonous Vapours |    41 |    51 ||    92
       Olgreb's Toxic Ra |       |     1 ||     1
  Use: Scroll            |     2 |     1 ||     3
       Potion            |     1 |       ||     1
Armor: Robe              |     6 |     8 ||    14
Dodge: Dodged            |    21 |    21 ||    42
